 Dungeon Crawl Stone Soup version 0.27-a0-512-g57cc695410 (webtiles) character file.

Game seed: 5423722632959554865

74 siradein the Chucker (level 4, -1/34 (37) HPs)
             Began as a Hill Orc Brigand on Mar 3, 2021.
             Slain by Crazy Yiuf
             ... wielding a +4 quarterstaff of chaos
              (10 damage)
             ... on level 2 of the Dungeon.
             The game lasted 00:08:02 (1776 turns).

siradein the Chucker (Hill Orc Brigand)             Turns: 1776, Time: 00:08:05

HP:   -1/34 (37)    AC:  4    Str: 13    XL:     4   Next: 28%
MP:   4/4           EV: 11    Int: 11    God:
Gold: 50            SH:  0    Dex: 13    Spells: 3/3 levels left

rFire    . . .     SeeInvis .   a - +2 dagger
rCold    . . .     Faith    .   (no shield)
rNeg     . . .     Spirit   .   b - +0 robe
rPois    .         Reflect  .   r - +0 helmet
rElec    .         Harm     .   c - +0 cloak
rCorr    .         Rampage  .   (no gloves)
Will     .....                  (no boots)
Stlth    ++........             (no amulet)
HPRegen  0.11/turn              (no ring)
MPRegen  0.09/turn              (no ring)

@: drained
A: no striking features
a: no special abilities


You were on level 2 of the Dungeon.
You visited 1 branch of the dungeon, and saw 2 of its levels.

You collected 50 gold pieces.

Inventory:

Hand Weapons
 a - a +2 dagger (weapon)
Missiles
 d - 8 poisoned darts
 e - 2 curare-tipped darts
 f - 21 sling bullets
 h - 21 stones
 i - 20 bolts
 p - a boomerang (quivered)
 q - 23 arrows
Armour
 b - a +0 robe (worn)
 c - a +0 cloak (worn)
 r - a +0 helmet (worn)
Jewellery
 g - a ring of resist corrosion
 o - a +6 ring of strength
Scrolls
 j - a scroll of amnesia {unknown}
 k - 2 scrolls of identify {unknown}
 n - 2 scrolls of noise {unknown}
Potions
 l - 2 potions of ambrosia {unknown}
 m - 4 potions of curing {unknown}
 s - 3 potions of haste


   Skills:
 - Level 2.4 Fighting
 - Level 2.0 Short Blades
 + Level 4.0 Throwing
 - Level 0.7 Dodging
 - Level 3.2 Stealth


You had 3 spell levels left.
You didn't know any spells.
Your spell library was empty.

Dungeon Overview and Level Annotations

Branches:
Dungeon (2/15)

Altars:

Annotations:
D:2 Crazy Yiuf


Message History

Crazy Yiuf is moderately wounded.
Crazy Yiuf hits you with a +4 quarterstaff of chaos!
You feel drained.
Crazy Yiuf says, "Pitchfork pontify sanguine!"
Crazy Yiuf says, "Crazy?
Crazy!?
PORCUPINE!"
Crazy Yiuf screams, "Nubble!"
Crazy Yiuf says, "Key mumblescurry arm!"
Crazy Yiuf laughs, "Mountain green Xom!"
Crazy Yiuf whimpers, "You!
Lay poople arga."
Crazy Yiuf cries, "Ghoul hog infinity!"
You see here a +0 dagger.
Crazy Yiuf laughs, "Mama blue shoe!"
Crazy Yiuf sings, "Trees, trees, trees, circus!"
Crazy Yiuf whimpers, "Aardvark!"
You see here a +0 club.
Crazy Yiuf says, "Rot!"
You hit Crazy Yiuf.
Crazy Yiuf is moderately wounded.
Crazy Yiuf hits you with a +4 quarterstaff of chaos!
Crazy Yiuf grits, "Pitchfork light pontify!"
Crazy Yiuf yells, "Tosser cower sizzlefizz!"
Crazy Yiuf cries, "Whippet sallow foot!"
Crazy Yiuf cries, "You leg down broken song, no?"
Crazy Yiuf says, "Dawk wrapper Orb Guardian!"
Crazy Yiuf laughs, "East!"
Crazy Yiuf laughs, "Gnoll broken song!"
Throw: boomerang
Press: ? - help, Q - select action, (/) - cycle Shift-Dir - straight line, f/p - Crazy Yiuf
Aim: Crazy Yiuf, wielding a +4 quarterstaff of chaos and wearing a +2 cloak of preservation (moderately wounded, 64% to hit)
You throw a boomerang.
The boomerang hits Crazy Yiuf but does no damage.
Crazy Yiuf is moderately wounded.
Crazy Yiuf hits you with a +4 quarterstaff of chaos!
* * * LOW HITPOINT WARNING * * *
Throw: boomerang
Press: ? - help, Q - select action, (/) - cycle Shift-Dir - straight line, f/p - Crazy Yiuf
Aim: Crazy Yiuf, wielding a +4 quarterstaff of chaos and wearing a +2 cloak of preservation (moderately wounded, 64% to hit)
You throw a boomerang. The boomerang barely misses Crazy Yiuf.
Crazy Yiuf hits you with a +4 quarterstaff of chaos!
You die...

########## ##........# ######
#.#....##.# #.....
#######..##.##.##########.####
####....<....#...............#
.....#####.....)@g......#########
.#########..#####.#####.....##...
.#................# #####.##.##
.#.#######.######.# #.##.# ...#
#.# #.# #.##.# .### #.######.#
#.##.## ..# #.##.....# #......
..# #.##.##### ####.## ..#
##.##.# #.#


You could see Crazy Yiuf.

Vanquished Creatures
  Jessica (D:2)
  2 worms (D:2)
  2 dart slugs
  4 bats (D:1)
  A giant cockroach (D:1)
  2 goblins (D:2)
  7 hobgoblins
  3 jackals (D:2)
  A quokka (D:2)
  5 frilled lizards
  6 kobolds
  3 rats
37 creatures vanquished.

Vanquished Creatures (others)
  4 fungi (D:2)
4 creatures vanquished.

Grand Total: 41 creatures vanquished

Notes
Turn   | Place    | Note
-------+----------+-------------------------------------------
     0 | D:1      | siradein the Hill Orc Brigand began the quest for the Orb.
     0 | D:1      | Reached XP level 1. HP: 18/18 MP: 1/1
    75 | D:1      | Reached skill level 2 in Throwing
   216 | D:1      | Reached XP level 2. HP: 25/25 MP: 2/2
   689 | D:2      | Reached skill level 3 in Throwing
   710 | D:2      | Reached XP level 3. HP: 25/30 MP: 3/3
   890 | D:2      | Noticed Jessica
   898 | D:2      | Killed Jessica
   979 | D:2      | Reached XP level 4. HP: 37/37 MP: 4/4
  1236 | D:2      | Reached skill level 4 in Throwing
  1550 | D:2      | Found a runed translucent door.
  1551 | D:2      | Noticed Crazy Yiuf
  1776 | D:2      | Slain by Crazy Yiuf

Illustrated notes

Levels and vault maps discovered:
D:1:      kennysheep_arrival_forest, layout_rooms
D:2:      layout_loops_ring, uniq_crazy_yiuf_cottage, uniq_jessica

Skill      XL: |  1  2  3  4 |
---------------+-------------+-----
Throwing       | 2 3 4 |  4.0
Fighting       | |  2.4
Short Blades   | |  2.0
Dodging        | |  0.7
Stealth        | |  3.2

Action                   |  1- 3 |  4- 6 || total
-------------------------+-------+-------++-------
Melee: Dagger            |    53 |    10 ||    63
Throw: Boomerang         |    24 |    37 ||    61
 Stab: Sleeping          |     7 |       ||     7
Armor: Robe              |    11 |     1 ||    12
Dodge: Dodged            |    36 |    11 ||    47

Table legend: (Time is in decaauts)
 A = Elapsed time spent in this place.
 B = Non-inter-level travel time spent in this place.
 C = Inter-level travel time spent in this place.
 D = Time resting spent in this place.
 E = Time spent auto-exploring this place.
 F = Levels seen in this place.
 G = Mean time per level.
                   A        B        C        D        E       F      G
               +--------+--------+--------+--------+--------+-----+--------+
         Total |   1775 |   1755 |     20 |      0 |   1184 |   2 |  887.5 |
       Dungeon |   1775 |   1755 |     20 |      0 |   1184 |   2 |  887.5 |
               +--------+--------+--------+--------+--------+-----+--------+

Top non-repeatable levels by time:
     D:2: 1148 daAuts
     D:1: 627 daAuts
